 Dungeon Crawl Stone Soup version 0.30-a0-170-g85af917532 (webtiles) character file.

Game seed: 6812708970458349922

618 qw the Chopper (level 7, 0/43 HPs)
             Began as a Gargoyle Fighter on Sept 30, 2022.
             Slain by Grinder (8 damage)
             ... on level 3 of the Dungeon.
             The game lasted 00:01:33 (3446 turns).

qw the Chopper (Gargoyle Fighter)                   Turns: 3446, Time: 00:01:34

Health: 0/43       AC:  0    Str: 21    XL:     7   Next: 45%
Magic:  0/7        EV: 13    Int:  9    God:
Gold:   164        SH:  0    Dex:  9    Spells: 6/6 levels left

rFire   . . .      SeeInvis .    (weapon currently unavailable)
rCold   . . .      Faith    .    (shield currently unavailable)
rNeg    + . .      Spirit   +    (body armour currently unavailable)
rPois   inf        Reflect  .    (helmet currently unavailable)
rElec   .          Harm     .    (cloak currently unavailable)
rCorr   .          Rampage  .    (gloves currently unavailable)
Will    .....                    (boots currently unavailable)
Stlth   +.........               m - amulet of guardian spirit
HPRegen 0.14/turn                (ring currently unavailable)
MPRegen 0.10/turn                (ring currently unavailable)

@: about to teleport, pig-form (expiring), very quick
A: fast, no casting, sickness immunity, AC +4, small, negative energy resistance
1, (electricity resistance), torment resistance 1, petrification resistance
a: no special abilities


You were on level 3 of the Dungeon.
You were a filthy swine.
You visited 1 branch of the dungeon, and saw 5 of its levels.

You collected 164 gold pieces.


Innate Abilities, Weirdness & Mutations

You are a filthy swine.
You move quickly.
Your equipment is almost entirely melded.
You are incapable of wielding weapons or throwing items.
You cannot cast spells.
You are immune to sickness and miasma.
((Your stone body is resilient. (AC +4)))
You are immune to poison.
You resist negative energy. (rN+)
((You are resistant to electric shocks. (rElec)))
You are resistant to unholy torment.
You are immune to petrification.


   Skills:
 - Level 4.1 Fighting
 + Level 6.8 Axes
 - Level 3.2 Armour
 - Level 1.1 Dodging
 - Level 3.2 Shields


You had 6 spell levels left.
You didn't know any spells.
Your spell library was empty.

Inventory:

Hand Weapons
 g - a +0 flail
 Y - a +1 war axe (melded)
Missiles
 e - a boomerang (quivered)
Armour
 c - a +0 buckler (melded)
 f - a +0 pair of boots (melded)
 l - a +0 chain mail (melded)
Jewellery
 a - a +6 ring of dexterity (melded)
 m - an amulet of guardian spirit (around neck)
Scrolls
 b - 2 scrolls of teleportation
Potions
 d - a potion of might
 h - 2 potions of heal wounds
 j - a potion of haste

Dungeon Overview and Level Annotations

Branches:
Dungeon (5/15)
 Temple: D:4-7

Altars:
Kikubaaqudgha
Sif Muna
Uskayaw
Vehumet
The Shining One

Annotations:
D:1 1 transporter
D:2 1 runed translucent door, Crazy Yiuf
D:3 Grinder


Message History

Grinder is lightly wounded.
Grinder says, "Are you a fish?" Grinder barely misses you.
You closely miss Grinder.
Grinder is lightly wounded.
Grinder gestures at you.
You suddenly lose the ability to move!
Grinder gestures at you.
You shrug off the repeated paralysis!
Your transformation is almost over.
Grinder hits you. Grinder hits you!
You writhe in agony.
You can move again.
You barely miss Grinder.
Grinder is lightly wounded.
You hit Grinder.
Grinder is moderately wounded.
Grinder hits you!
You hit Grinder.
Grinder is moderately wounded.
Grinder gestures at you.
You shrug off the repeated paralysis!
You closely miss Grinder.
Grinder is moderately wounded.
Grinder gestures at you.
You shrug off the repeated paralysis!
You barely miss Grinder.
Grinder is moderately wounded.
Grinder blinks!
You hit Grinder.
Grinder is moderately wounded.
Grinder closely misses you.
You hit Grinder.
Grinder is moderately wounded.
Grinder hits you!
3446 ||| READING 3 scrolls of teleportation.
As you read the scroll of teleportation, it crumbles to dust.
You feel strangely unstable. Grinder hits you!
You die...

##.## #..###.#
######.#.###.#...#
#.....###.......###
#.##.## ##........#
##.###.##.####...
##.#>###.# ##.##
#.# ####.# #.#
#..h5# #.# #.####
#.# #. #.# .. #..
#.. #.. .. #5r
#..##. ... #..##/ #
#..##.


You could see Grinder.

Vanquished Creatures
  2 centaurs (D:5)
  A phantom (D:4)
  2 hounds (D:5)
  Jessica (D:3)
  An iguana (D:5)
  An orc wizard (D:4)
  4 gnolls (D:5)
  6 adders
  5 worms
  4 dart slugs
  5 orcs
  4 ball pythons
  2 endoplasms
  2 giant cockroaches
  4 goblins
  7 hobgoblins
  2 jackals (D:4)
  4 quokkas
  5 bats
  5 frilled lizards (D:1)
  4 kobolds
  7 rats
78 creatures vanquished.

Vanquished Creatures (collateral kills)
  A gnoll bouda (D:5)
  4 gnolls (D:5)
5 creatures vanquished.

Grand Total: 83 creatures vanquished

Notes
Turn   | Place    | Note
-------+----------+-------------------------------------------
     0 | D:1      | qw the Gargoyle Fighter began the quest for the Orb.
     0 | D:1      | Reached XP level 1. HP: 14/14 MP: 1/1
     0 | D:1      | 0 ||| qw: Version: 0.2-a-12-gaebbb33
     0 | D:1      | 0 ||| qw: Game counter: 1585
     0 | D:1      | 0 ||| qw: Always use a shield: true
     0 | D:1      | 0 ||| qw: God list: Okawaru
     0 | D:1      | 0 ||| qw: Allow faded altars: false
     0 | D:1      | 0 ||| qw: Do Orc after D:15 true
     0 | D:1      | 0 ||| qw: Do second Lair branch before Depths: true
     0 | D:1      | 0 ||| qw: Lair rune preference: random
     0 | D:1      | 0 ||| qw: Plans: Normal, Zot:1-4, God:TSO, Crypt, Tomb,
                  | Pan, Slime:5, Hells, Abyss, Orb
     0 | D:1      | 0 ||| PLANNING D:1-11
    27 | D:1      | Reached skill level 2 in Axes
   201 | D:1      | Reached XP level 2. HP: 16/19 MP: 2/2
   322 | D:1      | Found a faded altar of an unknown god.
   670 | D:1      | Reached skill level 3 in Axes
   704 | D:1      | Reached XP level 3. HP: 23/23 MP: 3/3
   727 | D:1      | 727 ||| UPGRADING to +0 chain mail.
   737 | D:1      | 737 ||| DROPPING +0 scale mail.
   738 | D:1      | 738 ||| UPGRADING to amulet of guardian spirit.
   743 | D:1      | 743 ||| READING scroll labelled RITOPU VUTZ.
   746 | D:1      | 746 ||| READING scroll labelled JIMANT FUAFUA.
   747 | D:1      | 747 ||| DRINKING 2 murky coppery potions.
   748 | D:1      | 748 ||| DRINKING 2 fuming clear potions.
   826 | D:2      | 826 ||| Stepping ~*~*~tactically~*~*~ (stealth).
   827 | D:2      | 827 ||| Stepping ~*~*~tactically~*~*~ (stealth).
   889 | D:2      | 889 ||| Stepping ~*~*~tactically~*~*~ (hiding).
  1111 | D:2      | 1111 ||| Stepping ~*~*~tactically~*~*~ (stealth).
  1114 | D:2      | 1114 ||| Stepping ~*~*~tactically~*~*~ (stealth).
  1217 | D:2      | 1217 ||| Stepping ~*~*~tactically~*~*~ (stealth).
  1229 | D:2      | Reached XP level 4. HP: 28/28 MP: 4/4
  1251 | D:2      | Found a runed translucent door.
  1252 | D:2      | Noticed Crazy Yiuf
  1299 | D:2      | 1299 ||| UPGRADING to +6 ring of dexterity.
  1300 | D:2      | 1300 ||| READING 2 scrolls labelled YKIL WYBOSAEN.
  1301 | D:2      | 1301 ||| DRINKING 2 ruby potions.
  1302 | D:2      | 1302 ||| DRINKING 2 inky potions.
  1303 | D:2      | 1303 ||| DROPPING potion of brilliance.
  1304 | D:2      | 1304 ||| DROPPING scroll of vulnerability.
  1305 | D:2      | 1305 ||| DROPPING potion of flight.
  1335 | D:3      | 1335 ||| PLANNING SEWER
  1336 | D:3      | 1336 ||| STAIRDANCE
  1465 | D:3      | Noticed Jessica
  1466 | D:3      | 1466 ||| Stepping ~*~*~tactically~*~*~ (hiding).
  1471 | D:3      | 1471 ||| Stepping ~*~*~tactically~*~*~ (hiding).
  1478 | D:3      | Killed Jessica
  1479 | D:3      | Reached skill level 4 in Axes
  1765 | D:3      | 1765 ||| Stepping ~*~*~tactically~*~*~ (hiding).
  1798 | D:3      | You fall into a shaft and drop 2 floors!
  1798 | D:5      | Entered Level 5 of the Dungeon
  1816 | D:5      | Reached skill level 1 in Dodging
  1816 | D:5      | Reached XP level 5. HP: 32/32 MP: 5/5
  1822 | D:5      | Found a shimmering blue altar of Sif Muna.
  1823 | D:5      | Found an ancient bone altar of Kikubaaqudgha.
  1823 | D:5      | Found a radiant altar of Vehumet.
  2046 | D:5      | 2046 ||| UPGRADING to +0 pair of boots.
  2051 | D:5      | 2051 ||| READING scroll labelled VITAANI DOSA.
  2052 | D:5      | 2052 ||| READING 3 scrolls labelled XAD NUAWIOF.
  2053 | D:5      | 2053 ||| DROPPING 2 scrolls of fear.
  2055 | D:5      | 2055 ||| Stepping ~*~*~tactically~*~*~ (hiding).
  2056 | D:5      | 2056 ||| Stepping ~*~*~tactically~*~*~ (hiding).
  2059 | D:5      | 2059 ||| Stepping ~*~*~tactically~*~*~ (hiding).
  2061 | D:5      | 2061 ||| Stepping ~*~*~tactically~*~*~ (hiding).
  2067 | D:5      | Reached skill level 5 in Axes
  2077 | D:5      | Reached XP level 6. HP: 38/38 MP: 6/6
  2088 | D:4      | Found a glowing golden altar of the Shining One.
  2088 | D:4      | Found a hide-covered altar of Uskayaw.
  2089 | D:4      | 2089 ||| DROPPING +0 whip.
  2100 | D:4      | 2100 ||| READING scroll labelled KAPEMOUD VONNY.
  2101 | D:4      | 2101 ||| DRINKING 2 orange potions.
  2202 | D:4      | 2202 ||| DROPPING potion of ambrosia.
  2212 | D:5      | 2212 ||| RIP SEWER
  2212 | D:5      | 2212 ||| PLANNING D:1-11
  2792 | D:5      | Reached skill level 6 in Axes
  2792 | D:5      | Reached XP level 7. HP: 40/43 MP: 7/7
  3067 | D:5      | 3067 ||| READING scroll labelled AXZELOFF WECH.
  3159 | D:5      | 3159 ||| STAIRDANCE
  3163 | D:5      | 3163 ||| STAIRDANCE
  3167 | D:5      | 3167 ||| STAIRDANCE
  3171 | D:5      | 3171 ||| STAIRDANCE
  3175 | D:5      | 3175 ||| STAIRDANCE
  3179 | D:5      | 3179 ||| STAIRDANCE
  3183 | D:5      | 3183 ||| STAIRDANCE
  3187 | D:5      | 3187 ||| STAIRDANCE
  3191 | D:5      | 3191 ||| STAIRDANCE
  3195 | D:5      | 3195 ||| STAIRDANCE
  3199 | D:5      | 3199 ||| STAIRDANCE
  3203 | D:5      | 3203 ||| STAIRDANCE
  3207 | D:5      | 3207 ||| STAIRDANCE
  3211 | D:5      | 3211 ||| STAIRDANCE
  3215 | D:5      | 3215 ||| STAIRDANCE
  3219 | D:5      | 3219 ||| STAIRDANCE
  3223 | D:5      | 3223 ||| STAIRDANCE
  3227 | D:5      | 3227 ||| STAIRDANCE
  3231 | D:5      | 3231 ||| STAIRDANCE
  3235 | D:5      | 3235 ||| STAIRDANCE
  3357 | D:4      | 3357 ||| Stepping ~*~*~tactically~*~*~ (stealth).
  3401 | D:3      | 3401 ||| RIP SEWER
  3422 | D:3      | Noticed Grinder
  3423 | D:3      | 3423 ||| Stepping ~*~*~tactically~*~*~ (hiding).
  3435 | D:3      | Paralysed by Grinder for 3 turns
  3445 | D:3      | HP: 8/43 [Grinder (6)]
  3446 | D:3      | 3446 ||| READING 3 scrolls of teleportation.
  3446 | D:3      | Slain by Grinder

Levels and vault maps discovered:
D:1:      spicycebolla_arrival_risky_transporter, layout_loops_ring,
          basic_ecumenical_altar, due_unseen_surprise
D:2:      layout_basic, uniq_crazy_yiuf_cottage
D:3:      layout_loops_ring, bloody_trog, portal_sewer_entry_b,
          kennysheep_doodads, due_unseen_surprise, uniq_jessica, uniq_sigmund,
          uniq_grinder
D:4:      layout_cave_pools, slow_altar_2, nicolae_overflow_hidden_temple,
          kennysheep_opposing_triangles
D:5:      layout_cave_pods, grunt_temple_overflow_magic_moments,
          minmay_manual_mares

Skill      XL: |  1  2  3  4  5  6 |
---------------+-------------------+-----
Axes           | 2 3 4 5 6 |  6.8
Dodging        | 1 |  1.1
Fighting       | 4 |  4.1
Armour         | |  3.2
Shields        | |  3.2

Action                   |  1- 3 |  4- 6 |  7- 9 || total
-------------------------+-------+-------+-------++-------
Melee: War axe           |   116 |    63 |    55 ||   234
       Unarmed           |       |       |    12 ||    12
Throw: Boomerang         |       |       |    12 ||    12
  Use: Potion            |     2 |     3 |       ||     5
       Scroll            |     2 |     4 |     2 ||     8
Armor: Scale mail        |    34 |       |       ||    34
       Chain mail        |    33 |    51 |    53 ||   137
Dodge: Dodged            |    39 |    19 |    23 ||    81
Block: Buckler           |    24 |    22 |    15 ||    61

Table legend:
 A = Non-vault XP
 B = Vault XP
 C = Vault XP percentage of total XP
 D = Non-vault monster count
 E = Vault monster count
 F = Vault count percentage of total count
                 A         B        C        D         E       F
            +---------+---------+-------+---------+---------+-------
      Total |     626 |     257 |  29.1 |      80 |       3 |   3.6
            +---------+---------+-------+---------+---------+-------
        D:1 |      34 |       0 |   0.0 |      22 |       0 |   0.0
        D:2 |      52 |       0 |   0.0 |      19 |       0 |   0.0
        D:3 |      37 |      37 |  50.0 |       9 |       1 |  10.0
        D:4 |     200 |       0 |   0.0 |      15 |       0 |   0.0
        D:5 |     303 |     220 |  42.1 |      15 |       2 |  11.8
            +---------+---------+-------+---------+---------+-------
